 Dungeon Crawl Stone Soup version 0.28.0 (webtiles) character file.

Game seed: 6010411512425147142

304 SnakkuSnakku7 the Insei (level 6, -1/41 HPs)
             Began as a Vampire Fire Elementalist on Feb 14, 2022.
             Slain by a gnoll sergeant (4 damage)
             ... on level 4 of the Dungeon.
             The game lasted 00:07:44 (3852 turns).

SnakkuSnakku7 the Insei (Vampire Fire Elementalist) Turns: 3852, Time: 00:07:46

Health: -1/41      AC:  8    Str:  9    XL:     6   Next: 15%
Magic:  9/9        EV: 10    Int: 17    God:
Gold:   238        SH:  0    Dex: 15    Spells: 7/9 levels left

rFire   . . .      SeeInvis +     - Unarmed
rCold   . . .      Faith    .   (no shield)
rNeg    . . .      Spirit   .   e - +0 ring mail
rPois   .          Reflect  .   (helmet currently unavailable)
rElec   .          Harm     .   h - +2 cloak
rCorr   .          Rampage  .   (no gloves)
Will    .....                   (boots currently unavailable)
Stlth   ++........              (no amulet)
HPRegen 0.33/turn               (no ring)
MPRegen 0.11/turn               (no ring)

@: appendages, healing quickly
A: horns 2, talons 2, alive, fangs 3, see invisible, vampiric 2
a: Exsanguinate, End Transformation


You were on level 4 of the Dungeon.
You had temporarily grown beastly horns and talons.
You visited 1 branch of the dungeon, and saw 4 of its levels.

You collected 238 gold pieces.

Inventory:

Missiles
 l - 9 poisoned darts
Armour
 a - a +0 robe
 e - a +0 ring mail (worn)
 h - a +2 cloak (worn)
Scrolls
 c - a scroll of teleportation {unknown}
 d - a scroll of vulnerability {unknown}
 i - 3 scrolls of fear {unknown}
 m - a scroll of identify {unknown}
Potions
 b - a potion of haste {unknown}
 f - a potion of brilliance {unknown}
 g - a potion of degeneration {unknown}
 k - a potion of flight {unknown}


   Skills:
 - Level 2.1 Dodging
 - Level 3.0 Stealth
 + Level 5.2 Unarmed Combat
 - Level 2.0 Spellcasting
 - Level 0.6 Conjurations
 - Level 4.0 Transmutations
 - Level 2.4 Fire Magic


You had 7 spell levels left.
You knew the following spells:

 Your Spells              Type           Power      Damage    Failure   Level
a - Foxfire               Conj/Fire      24%        2x1d5     28%         1
b - Beastly Appendage     Tmut           30%        N/A       11%         1

Your spell library contained the following spells:

 Spells                   Type           Power      Damage    Failure   Level
 Wereblood                Tmut           15%        N/A       16%         2
 Scorch                   Fire           18%        2d5       30%         2
 Passwall                 Tmut/Erth      6%         N/A       34%         2
 Sandblast                Erth           2%         2d4       47%         1
 Spider Form              Tmut/Pois      8%         N/A       56%         3
 Conjure Flame            Conj/Fire      6%         6-21      65%         3
 Inner Flame              Hex/Fire       5%         N/A       69%         3
 Stone Arrow              Conj/Erth      4%         3d7       82%         3
 Flame Wave               Conj/Fire      6%         2d5       96%         4


Dungeon Overview and Level Annotations

Branches:
Dungeon (4/15)
 Temple: D:4-7

Altars:

Shops:
D:2 =   D:4 (

Annotations:
D:2 Natasha, Sigmund


Innate Abilities, Weirdness & Mutations

You have temporarily grown beastly horns and talons.
Your natural rate of healing is accelerated.
You have razor-sharp teeth.
You have supernaturally acute eyesight. (SInv)
You are afflicted with vampirism and can become a bat while bloodless.


Message History

You hit the gnoll sergeant.
You headbutt the gnoll sergeant, but do no damage.
The gnoll sergeant is heavily wounded.
The gnoll sergeant hits you with a +0 spear.
You hit the gnoll sergeant but do no damage.
You claw the gnoll sergeant, but do no damage.
The gnoll sergeant is heavily wounded.
You hit the gnoll sergeant but do no damage.
You claw the gnoll sergeant, but do no damage.
The gnoll sergeant is heavily wounded.
The gnoll sergeant hits you with a +0 spear.
You hit the gnoll sergeant but do no damage.
You claw the gnoll sergeant, but do no damage.
You headbutt the gnoll sergeant, but do no damage.
You bite the gnoll sergeant.
The gnoll sergeant is severely wounded.
The gnoll sergeant hits you with a +0 spear!
The gnoll sergeant blocks your attack.
Your punch misses the gnoll sergeant.
The gnoll sergeant is severely wounded.
The gnoll sergeant barely misses you.
You hit the gnoll sergeant but do no damage.
You claw the gnoll sergeant, but do no damage.
Your headbutt misses the gnoll sergeant.
The gnoll sergeant is severely wounded.
The gnoll sergeant hits you with a +0 spear!
* * * LOW HITPOINT WARNING * * *
Throw: 2 throwing nets
Press: ? - help, Shift-Dir - straight line, f - gnoll sergeant
Aim: a gnoll sergeant, wielding a +0 spear, wearing a +3 scale mail of fire resistance and wearing a +0 buckler (severely wounded, 65% to hit)
You throw a throwing net.
The gnoll sergeant blocks the throwing net.
The gnoll sergeant hits you with a +0 spear.
* * * LOW HITPOINT WARNING * * *
Throw: throwing net
Press: ? - help, Shift-Dir - straight line, f/p - gnoll sergeant
Aim: a gnoll sergeant, wielding a +0 spear, wearing a +3 scale mail of fire resistance and wearing a +0 buckler (severely wounded, 65% to hit)
You throw a throwing net.
The gnoll sergeant blocks the throwing net.
The gnoll sergeant hits you with a +0 spear.
You die...

#|# #..# #.# #.#
#..###.###### ##.##
#............ ##...##
######...##.######
####.....####...........#
.........)..(........####
### ###.....####g########
....####...## #g#
#......## #@# #.##.####
#.# #...# #.# #).g.. #.#
#......( #.# #...∩...#
#.# #....g..# #.#
##.†...## #.. ##...## ###


You could see a gnoll sergeant and a gnoll.

Vanquished Creatures
  A kobold brigand (D:3)
  7 gnolls
  6 adders
  2 worms (D:2)
  2 dart slugs (D:1)
  6 ball pythons (D:1)
  3 endoplasms
  3 giant cockroaches
  5 hobgoblins
  6 jackals
  3 quokkas (D:1)
  7 bats
  4 frilled lizards
  6 goblins
  47 kobolds
  5 rats
113 creatures vanquished.

Vanquished Creatures (others)
  2 foxfires (D:1)
2 creatures vanquished.

Grand Total: 115 creatures vanquished

Notes
Turn   | Place    | Note
-------+----------+-------------------------------------------
     0 | D:1      | SnakkuSnakku7 the Vampire Fire Elementalist began the quest
                  | for the Orb.
     0 | D:1      | Reached XP level 1. HP: 13/13 MP: 3/3
    65 | D:1      | Reached skill level 1 in Unarmed Combat
   361 | D:1      | Reached XP level 2. HP: 19/19 MP: 5/5
   403 | D:1      | Reached skill level 2 in Unarmed Combat
   723 | D:1      | Reached skill level 3 in Unarmed Combat
   728 | D:1      | Gained mutation: You are afflicted with vampirism and can
                  | become a bat while bloodless. [Vampire growth]
   728 | D:1      | Reached XP level 3. HP: 24/24 MP: 6/6
  1370 | D:2      | Noticed Natasha
  1492 | D:2      | Found Tinn's One-of-a-Kind Rings.
  1644 | D:2      | Reached skill level 4 in Unarmed Combat
  1644 | D:2      | Reached XP level 4. HP: 23/29 MP: 7/7
  1831 | D:2      | Noticed Sigmund
  2077 | D:3      | Learned a level 1 spell: Beastly Appendage
  2240 | D:3      | Reached skill level 1 in Transmutations
  2897 | D:4      | Noticed a gnoll sergeant
  3024 | D:3      | Reached XP level 5. HP: 35/35 MP: 8/8
  3485 | D:3      | Reached XP level 6. HP: 25/41 MP: 9/9
  3693 | D:4      | Reached skill level 5 in Unarmed Combat
  3786 | D:4      | Found Qeaj's Weapon Emporium.
  3852 | D:4      | Slain by a gnoll sergeant

Illustrated notes

Levels and vault maps discovered:
D:1:      lemuel_arrival_river_bridge, layout_basic
D:2:      minmay_skewed_foursquare, layout_loops_ring,
          nicolae_shop_unique_rings, hex_medium, serial_bayou_pond_d,
          grunt_decor_one_mirror, uniq_natasha, uniq_robin, uniq_sigmund
D:3:      minmay_goblin_kobold_castle, layout_basic, fountainhead,
          kennysheep_small_spiral
D:4:      minmay_chambers_of_threes, layout_loops_ring, serial_shops,
          nicolae_shop_bloodbath_and_beyond

Skill      XL: |  1  2  3  4  5  6 |
---------------+-------------------+-----
Unarmed Combat | 1 3 4 5 |  5.2
Transmutations | 2 4 |  4.0
Dodging        | |  2.1
Stealth        | |  3.0
Spellcasting   | |  2.0
Conjurations   | |  0.6
Fire Magic     | |  2.4

Action                   |  1- 3 |  4- 6 || total
-------------------------+-------+-------++-------
Melee: Unarmed           |   181 |   324 ||   505
       Bite              |    23 |    37 ||    60
       Punch             |     1 |     7 ||     8
       Kick              |       |    26 ||    26
       Headbutt          |       |    13 ||    13
Throw: Dart              |       |     2 ||     2
       Throwing net      |       |     2 ||     2
 Cast: Foxfire           |     1 |       ||     1
       Beastly Appendage |       |     7 ||     7
  Use: Scroll            |     2 |       ||     2
 Stab: Sleeping          |     4 |     1 ||     5
Armor: Robe              |    18 |       ||    18
       Ring mail         |    42 |   172 ||   214
Dodge: Dodged            |   113 |   188 ||   301
